 Dungeon Crawl Stone Soup version 0.21-a0-352-g5b8f553 (webtiles) character file.

19 Ijustatesigmund the Sneak (level 2, -9/16 HPs)
             Began as a Vine Stalker Assassin on Oct 10, 2017.
             Mangled by a worm (11 damage)
             ... on level 2 of the Dungeon.
             The game lasted 00:01:32 (805 turns).

Ijustatesigmund the Sneak (Vine Stalker Assassin)    Turns: 805, Time: 00:01:33

Health: -9/16      AC:  3    Str: 13    XL:     2   Next: 75%
Magic:  0/3        EV: 11    Int: 11    God:
Gold:   17         SH:  0    Dex: 15    Spells: 1/1 levels left

rFire    . . .     SeeInvis .   j - +2 whip (elec)
rCold    . . .     Gourm    .   (no shield)
rNeg     . . .     Faith    .   c - +0 robe
rPois    .         Spirit   +   (no helmet)
rElec    .         Reflect  .   d - +0 cloak
rCorr    .         Harm     .   (no gloves)
MR       .....                  (no boots)
Stlth    +++.......             (no amulet)
HPRegen  0.05/turn              (no ring)
MPRegen  0.08/turn              (no ring)

@: no status effects
A: fangs 2, magic shield, antimagic bite, no potion heal 3, rot immunity
a: no special abilities


You were on level 2 of the Dungeon.
You were not hungry.

You visited 1 branch of the dungeon, and saw 2 of its levels.

You collected 17 gold pieces.

Inventory:

Hand Weapons
 a - a +2 dagger
 b - a +0 blowgun
 j - a +2 whip of electrocution (weapon)
Missiles
 e - 8 poisoned needles
 f - 2 curare-tipped needles
 m - 18 bolts
Armour
 c - a +0 robe (worn)
 d - a +0 cloak (worn)
Scrolls
 k - 2 scrolls of amnesia
 l - a scroll of identify
Comestibles
 g - a bread ration
 h - a royal jelly
 i - a meat ration


   Skills:
 + Level 2.4 Fighting
 + Level 2.4 Short Blades
 - Level 1.7 Throwing
 - Level 0.7 Dodging
 - Level 4.8 Stealth


You had one spell level left.
You didn't know any spells.

Dungeon Overview and Level Annotations

Branches:
Dungeon (2/15)

Altars:


Innate Abilities, Weirdness & Mutations

You have extremely sharp teeth.
When hurt, damage is shared between your health and your magic reserves.
Your bite disrupts and absorbs the magic of your enemies.
Potions cannot restore your health.
You are immune to rotting.


Message History

The worm bites you!
You are too injured to fight recklessly!
You are too injured to fight recklessly!
You are too injured to fight recklessly!
You are too injured to fight recklessly!
You are too injured to fight recklessly!
You are too injured to fight recklessly!
You are too injured to fight recklessly!
You are too injured to fight recklessly!
You are too injured to fight recklessly!
You are too injured to fight recklessly!
A worm is nearby!
You completely miss the worm. You hit the worm but do no damage.
The worm bites you!
* * * LOW HITPOINT WARNING * * *
You hit the worm. Lightning courses through the worm!
The worm is severely wounded.
The worm bites you!
Ouch! That really hurt!
You die...

# #..###
..#####....#
#.......##.#
####.#####.#
####.# #.#
.....#
#.#######
######
#.....).#
#.#####.#
...# #@#
...### #w#
##.# #.# #.
#.# # #..
###


You could see a worm.

Vanquished Creatures
  2 dart slugs (D:1)
  A bat (D:1)
  3 hobgoblins (D:1)
  A ball python (D:1)
  2 frilled lizards (D:1)
  3 kobolds
  4 rats
16 creatures vanquished.

Notes
Turn   | Place    | Note
-------+----------+-------------------------------------------
     0 | D:1      | Ijustatesigmund the Vine Stalker Assassin began the quest for the Orb.
     0 | D:1      | Reached XP level 1. HP: 11/11 MP: 2/2
   210 | D:1      | Reached XP level 2. HP: 13/15 MP: 3/3
   805 | D:2      | Mangled by a worm

Vault maps used:
D:1:      minmay_arrival_arboretum_large
D:2:      serial_bayou_pond_b

Skill      XL: |  1 |
---------------+----+-----
Fighting       | 2 |  2.4
Short Blades   | 2 |  2.4
Throwing       | |  1.7
Dodging        | |  0.7
Stealth        | |  4.8

Action                   || total
-------------------------++-------
Melee: Dagger            ||    27
       Bite              ||    11
       Whip              ||    19
  Use: Potion            ||     2
       Scroll            ||     3
 Stab: Sleeping          ||     6
Armor: Robe              ||     1
Dodge: Dodged            ||    22

Table legend:
 A = Spawn XP
 B = Non-spawn XP
 C = Spawn XP percentage of total XP
 D = Spawn monster count
 E = Non-spawn monster count
 F = Spawn count percentage of total count
 G = Total turns spent on level
                    A         B        C        D         E        F      G
               +---------+---------+-------+---------+---------+-------+---------
         Total |       0 |      28 |   0.0 |       0 |      16 |   0.0 |   805
               +---------+---------+-------+---------+---------+-------+---------
           D:1 |       0 |      25 |   0.0 |       0 |      14 |   0.0 |   760
           D:2 |       0 |       3 |   0.0 |       0 |       2 |   0.0 |    45
               +---------+---------+-------+---------+---------+-------+---------
